 Dungeon Crawl Stone Soup version 0.29.0 (webtiles) character file.

Game seed: 8884471143481556158

60 porkupine the Gusty (level 4, -2/42 HPs)
             Began as an Ogre Air Elementalist on Sept 2, 2022.
             Was a Follower of Okawaru.
             Killed from afar by Sigmund (15 damage)
             ... with a bolt of light
             ... on level 2 of the Dungeon.
             The game lasted 00:04:56 (1786 turns).

porkupine the Gusty (Ogre Air Elementalist)         Turns: 1786, Time: 00:04:56

Health: -2/42      AC:  3    Str: 12    XL:     4   Next: 4%
Magic:  3/8        EV: 10    Int: 18    God:    Okawaru [*.....]
Gold:   79         SH:  0    Dex:  9    Spells: 3/9 levels left

rFire   . . .      SeeInvis .   d - +0 rapier
rCold   . . .      Faith    .   (no shield)
rNeg    . . .      Spirit   .   a - +0 robe
rPois   .          Reflect  .   (helmet restricted)
rElec   .          Harm     .   (no cloak)
rCorr   .          Rampage  .   (gloves unavailable)
Will    .....                   (boots unavailable)
Stlth   +.........              (no amulet)
HPRegen 0.14/turn               j - ring of flight
MPRegen 0.11/turn               (no ring)

@: confused, mighty, flying
A: large, unfitting armour, tough skin 1, horns 1, talons 1
a: Renounce Religion, Heroism


You were on level 2 of the Dungeon.
You worshipped Okawaru.
Okawaru was aware of your devotion.
You visited 1 branch of the dungeon, and saw 2 of its levels.

You collected 79 gold pieces.

Inventory:

Hand Weapons
 c - a +0 club
 d - a +0 rapier (weapon)
Missiles
 f - 4 boomerangs
Armour
 a - a +0 robe (worn)
Jewellery
 j - a ring of flight (left hand)
Scrolls
 e - a scroll of immolation {unknown}
 k - a scroll of teleportation {unknown}
 m - a scroll of identify {unknown}
Potions
 b - a potion of magic
 l - 2 potions of cancellation {unknown}


   Skills:
 + Level 1.7 Fighting
 - Level 2.0 Dodging
 + Level 1.9 Stealth
 + Level 3.0 Spellcasting
 + Level 1.5 Conjurations
 + Level 3.0 Air Magic


You had 3 spell levels left.
You knew the following spells:

 Your Spells              Type           Power      Damage    Failure   Level
a - Shock                 Conj/Air       44%        1d5       6%          1
b - Static Discharge      Conj/Air       11%        3-5/arc   10%         2
c - Swiftness             Air            13%        N/A       14%         3

Your spell library contained the following spells:

 Spells                   Type           Power      Damage    Failure   Level
 Airstrike                Air            6%         2d(1-17)  41%         4


Dungeon Overview and Level Annotations

Branches:
Dungeon (2/15)

Altars:
Okawaru

Annotations:
D:2 Sigmund


Innate Abilities, Weirdness & Mutations

You are too large for most types of armour.
You have tough skin. (AC +1)
You have a pair of small horns on your head.
You have sharp toenails.


Message History

You miscast Shock.
You are very lightly contaminated with residual magic.
Nothing appears to happen.
Casting: Shock (safe; 6% risk of failure)
Confirm with . or Enter, or press ? or * to list all spells.
Aiming: Shock (safe; 6% risk of failure)
Press: ? - help, Shift-Dir - straight line, f/p - Sigmund
Aim: Sigmund, wielding a +4 scythe of protection, wearing a +2 robe of the Archmagi and carrying a wand of light (4) (moderately wounded, 64% to hit)
The zap hits Sigmund but does no damage.
Sigmund is moderately wounded.
Sigmund points at you and mumbles some strange words.
The puff of flame hits you!
Casting: Shock (safe; 6% risk of failure)
Confirm with . or Enter, or press ? or * to list all spells.
Aiming: Shock (safe; 6% risk of failure)
Press: ? - help, Shift-Dir - straight line, f/p - Sigmund
Aim: Sigmund, wielding a +4 scythe of protection, wearing a +2 robe of the Archmagi and carrying a wand of light (4) (moderately wounded, 64% to hit)
The zap hits Sigmund but does no damage.
Sigmund is moderately wounded.
Sigmund laughs darkly.
Sigmund casts a spell at you. The puff of flame misses you.
Casting: Shock (safe; 6% risk of failure)
Confirm with . or Enter, or press ? or * to list all spells.
Aiming: Shock (safe; 6% risk of failure)
Press: ? - help, Shift-Dir - straight line, f/p - Sigmund
Aim: Sigmund, wielding a +4 scythe of protection, wearing a +2 robe of the Archmagi and carrying a wand of light (4) (moderately wounded, 64% to hit)
The zap hits Sigmund but does no damage.
Sigmund is moderately wounded.
Sigmund zaps a wand.
The bolt of light hits you!
* * * LOW HITPOINT WARNING * * *
It was a potion of might.
You feel very mighty all of a sudden.
It was a potion of mutation.
You feel extremely strange. A pair of horns grows on your head!
Your toenails lengthen and sharpen.
Your magical contamination has completely faded away.
It was a potion of curing.
You feel better.
Sigmund zaps a wand.
The bolt of light hits you!
You are confused.
You die...

####.####.# .. ##.##
#. ##...###.#.# #.
#..........#
#.#####....###.###
##.........####.#
### <..####........#
.....#@####.########
.......@.)..#
#####.#####.# # #.#
#.# #.# #.# #.# #.#


You could see Sigmund.

Vanquished Creatures
  3 adders (D:2)
  A worm (D:2)
  A dart slug (D:2)
  A ball python (D:1)
  4 endoplasms
  2 giant cockroaches
  3 hobgoblins
  A quokka (D:1)
  A bat (D:1)
  A frilled lizard (D:1)
  3 goblins
  4 kobolds
  3 rats
28 creatures vanquished.

Notes
Turn   | Place    | Note
-------+----------+-------------------------------------------
     0 | D:1      | porkupine the Ogre Air Elementalist began the quest for the
                  | Orb.
     0 | D:1      | Reached XP level 1. HP: 16/16 MP: 3/3
   177 | D:1      | Found a faded altar of an unknown god.
   183 | D:1      | Prayed at the altar of an unknown god.
   183 | D:1      | Became a worshipper of Warmaster Okawaru
   183 | D:1      | Reached * piety under Okawaru
   329 | D:1      | Reached skill level 1 in Conjurations
   329 | D:1      | Reached XP level 2. HP: 26/26 MP: 2/5
   930 | D:2      | Reached skill level 1 in Fighting
   933 | D:2      | Learned a level 2 spell: Static Discharge
  1266 | D:2      | Reached XP level 3. HP: 30/33 MP: 0/7
  1733 | D:2      | Reached XP level 4. HP: 40/42 MP: 5/8
  1767 | D:2      | Learned a level 3 spell: Swiftness
  1775 | D:2      | Noticed Sigmund
  1784 | D:2      | Gained mutation: You have a pair of small horns on your
                  | head. [potion of mutation]
  1784 | D:2      | Gained mutation: You have sharp toenails. [potion of
                  | mutation]
  1786 | D:2      | Killed from afar by Sigmund

Illustrated notes

Levels and vault maps discovered:
D:1:      dpeg_arrival_shrine, layout_loops_cross, basic_ecumenical_altar,
          hangedman_decor_slide_cut, minmay_misc_feat_encased,
          minmay_misc_feat_more_columns
D:2:      layout_loops_ring, uniq_sigmund

Skill      XL: |  1  2  3 |
---------------+----------+-----
Dodging        | 2 |  2.0
Conjurations   | 1 |  1.5
Fighting       | 1 |  1.7
Air Magic      | 3 |  3.0
Spellcasting   | 3 |  3.0
Stealth        | |  1.9

Action                   |  1- 3 |  4- 6 || total
-------------------------+-------+-------++-------
Melee: Rapier            |     6 |       ||     6
 Cast: Shock             |    54 |     5 ||    59
       Static Discharge  |     4 |       ||     4
  Use: Potion            |       |     3 ||     3
Armor: Robe              |     2 |       ||     2
Dodge: Dodged            |     4 |     1 ||     5
